 Dungeon Crawl Stone Soup version 0.31-a0-986-g5e6e4ef867 (webtiles) character file.

Game seed: 2582096040578874938

17751 clenchingflame the Fencer (level 12, -1/104 HPs)
             Began as a Minotaur Fighter on Nov 16, 2023.
             Was the Champion of Jiyva.
             Slain by a wolf (5 damage)
             ... on level 1 of the Lair of Beasts.
             The game lasted 00:40:25 (9030 turns).

clenchingflame the Fencer (Minotaur Fighter)        Turns: 9030, Time: 00:40:25

Health: -1/104     AC: 16    Str: 26    XL:     12   Next: 21%
Magic:  11/11      EV: 18    Int:  7    God:    Jiyva [******]
Gold:   326        SH: 15    Dex: 12    Spells: 8/11 levels left

rFire   . . .        D - +4 long sword of Fedhas's Esteem {holy, Int+2}
rCold   . . .        n - +0 kite shield
rNeg    . . .        z - +0 chain mail {rPois}
rPois   +            (helmet restricted)
rElec   .            y - +0 cloak
rCorr   +            (no gloves)
SInv    .            (no boots)
Will    +....        m - amulet of reflection
Stlth   +            x - ring of willpower
HPRegen 1.97/turn    O - +5 ring of evasion
MPRegen 0.62/turn

%: reflection, clarity
@: mighty, invisible
A: horns 2, retaliatory headbutt, talons 2, thin skeletal structure 1, clarity,
mutation resistance 2, shaggy fur 1, gelatinous body 3, translucent skin 1
a: Renounce Religion, Oozemancy, Slimify


You were on level 1 of the Lair of Beasts.
You worshipped Jiyva.
Jiyva was exalted by your worship.
You visited 2 branches of the dungeon, and saw 14 of its levels.

You collected 468 gold pieces.
You spent 142 gold pieces at shops.

Inventory:

Hand Weapons
 a - a +0 war axe
 D - the +4 long sword of Fedhas's Esteem (weapon) {holy, Int+2}
   (You found it on level 6 of the Dungeon)

   Int+2:     It affects your intelligence (+2).
 E - a +0 scimitar of flaming
Missiles
 f - 60 stones
 j - 4 boomerangs
 F - 2 throwing nets
 H - 3 javelins
Armour
 n - a +0 kite shield (worn)
 s - a +3 ring mail of cold resistance
 y - a +0 cloak (worn)
 z - a +0 chain mail of poison resistance (worn)
Jewellery
 e - a ring of wizardry
 m - an amulet of reflection (around neck)
 p - an amulet of faith
 x - a ring of willpower (left hand)
 J - a ring of positive energy
 O - a +5 ring of evasion (right hand)
 P - a ring of poison resistance
Wands
 q - a wand of mindburst (16)
 r - a wand of iceblast (6)
 K - a wand of digging (7)
 L - a wand of flame (7)
 N - a wand of acid (2)
Scrolls
 g - 2 scrolls of torment {unknown}
 h - 3 scrolls of teleportation {unknown}
 i - a scroll of fog
 k - a scroll of vulnerability {unknown}
 u - 3 scrolls of revelation {unknown}
 v - a scroll of silence {unknown}
 w - 3 scrolls of amnesia
 A - a scroll of immolation
 C - a scroll of blinking {unknown}
 I - a scroll of enchant armour {unknown}
 M - a scroll of fear {unknown}
Potions
 b - a potion of cancellation {unknown}
 c - 3 potions of invisibility
 l - a potion of resistance
 o - a potion of heal wounds
 t - a potion of mutation
 B - 2 potions of curing
 G - a potion of enlightenment
 Q - 2 potions of attraction


   Skills:
 + Level 9.1 Fighting
 * Level 16.3 Long Blades
 - Level 8.2 Axes
 - Level 9.0 Armour
 - Level 7.0 Dodging
 - Level 8.0 Shields
 + Level 1.1 Air Magic


You had 8 spell levels left.
You knew the following spells:

 Your Spells              Type           Power      Damage    Failure   Level
a - Swiftness             Air            1%         N/A       100%        3

Your spell library contained the following spells:

 Spells                   Type           Power      Damage    Failure   Level
 Shock                    Conj/Air       0%         1d3       95%         1
 Airstrike                Air            0%         2d(1-17)  100%        4


Dungeon Overview and Level Annotations

Branches:
Dungeon (12/15)            Temple (0/1) D:6            Lair (2/5) D:11
  Swamp: Lair:2-3    Shoals: Lair:2-3     Snake: Lair:2-3    Spider: Lair:2-3
    Orc: D:9-12

Altars:
Elyvilon
Hepliaklqana
Kikubaaqudgha
Qazlal
Wu Jian
Zin
Jiyva

Shops:
D:5 [   D:9 ?   D:10 *


Innate Abilities, Weirdness & Mutations

You have a pair of horns on your head.
You reflexively headbutt those who attack you in melee.
You have razor-sharp toenails.
You have a somewhat thin skeletal structure. (Dex +2, Stealth+)
You possess an exceptional clarity of mind.
You are somewhat resistant to both further mutation and mutation removal.
You are covered in fur. (AC +1)
Your gelatinous body deflects attacks. (AC +3, EV +3)
Your translucent skin slightly reduces your foes' accuracy. (Stealth+)


Message History

The polar bear claws you but does no damage.
The polar bear misses you. You block the wolf's attack.
The wolf bites you but does no damage.
You feel much better.
You feel sick.
The skyshark bites you but does no damage.
The skyshark tail-slaps you.
* * * LOW HITPOINT WARNING * * *
You block the skyshark's attack. You block the water moccasin's attack.
The wolf completely misses you. The cane toad misses you.
You furiously retaliate!
You headbutt the cane toad!! You block the wolf's attack.
The water moccasin completely misses you.
The skyshark bites you but does no damage.
You block the skyshark's attack. x2; The polar bear bites you!
* * * LOW HITPOINT WARNING * * *
The polar bear completely misses you. The polar bear misses you.
Okay, then.
You feel much better.
You feel sick.
You are no longer poisoned.
The wolf closely misses you. You block the wolf's attack.
The cane toad stings you but does no damage.
The skyshark bites you!
* * * LOW HITPOINT WARNING * * *
The skyshark misses you. The skyshark completely misses you.
You block the water moccasin's attack. The wolf barely misses you.
You block the wolf's attack. You block the polar bear's attack.
The polar bear completely misses you. The polar bear misses you.
The cane toad stings you!
* * * LOW HITPOINT WARNING * * *
Unknown command.
You fade into invisibility!
You block the skyshark's attack. The skyshark tail-slaps you!
* * * LOW HITPOINT WARNING * * *
The skyshark tail-slaps you but does no damage.
The wolf misses you. You block the wolf's attack.
The water moccasin bites you but does no damage.
The polar bear misses you. You block the polar bear's attack. x2
The skyshark closely misses you. The skyshark completely misses you.
The skyshark closely misses you. The wolf bites you.
You die...

....#...##.### ##.
............P### ##
##P............#### #
####.............###
##
##...............###
#.
#.......J.......>..#
##.
#P.................#
##..
##............l....##
#..#
##.........h@h....P#
##.##
#..........FhS....##
#..#
##.##...............#
###.##
#..##.........J....##
#..##
##..###.............#
#...# #..##
##............##
##.### ###..###
##............###.##
.......#
##.........####..#
##.....##
###........###.##


You could see a skyshark (berserk, unable to see you), a polar bear (unable to
see you), a cane toad (unable to see you), a water moccasin (unable to see you),
2 wolves and 2 neutral jellies (fellow slime).

Vanquished Creatures
  Erica (D:8)
  2 two-headed ogres
  Sonja (Lair:1)
  A skyshark (Lair:1)
  Pikel (D:9)
  A cane toad (Lair:1)
  An unseen horror (D:10)
  A kobold demonologist (D:10)
  A komodo dragon (Lair:1)
  3 trolls (D:11)
  2 polar bears (D:11)
  Grinder (D:3)
  5 wyverns
  31 yaks
  2 wraiths (D:11)
  A vampire (D:11)
  A basilisk (Lair:1)
  2 steam dragons (D:8)
  2 vampire mosquitoes (D:11)
  2 acid dragons (D:11)
  An orc warrior (D:9)
  5 water moccasins
  4 ice beasts (D:11)
  A sky beast (D:7)
  2 ogres
  2 black bears
  11 wolves (Lair:1)
  2 centaurs
  2 lemures (D:9)
  2 kobold brigands (D:10)
  7 bullfrogs
  A gnoll sergeant (D:9)
  3 wights (D:9)
  19 killer bees
  2 howler monkeys
  7 orc priests
  3 hounds
  Ijyb (D:3)
  3 iguanas
  10 orc wizards
  4 gnolls (D:9)
  7 adders
  3 white imps
  A worm (D:2)
  3 dart slugs
  24 orcs
  5 ball pythons
  An endoplasm (D:1)
  4 giant cockroaches
  3 goblins
  6 hobgoblins
  2 quokkas
  2 bats (D:1)
  A frilled lizard (D:1)
  12 kobolds
  5 rats
233 creatures vanquished.

Vanquished Creatures (collateral kills)
  A boulder beetle (Lair:1)
  A basilisk (Lair:1)
2 creatures vanquished.

Vanquished Creatures (others)
  A cane toad (Lair:1)
  A centaur (D:5)
  2 wolves (D:11)
  A bullfrog (D:8)
  A killer bee (D:7)
  2 howler monkeys (D:8)
  A hound (D:5)
  18 jellies
  An endoplasm (D:4)
  An orc (D:4)
  A hobgoblin (D:2)
  A quokka (D:2)
  2 kobolds (D:10)
33 creatures vanquished.

Grand Total: 268 creatures vanquished

Notes
Turn   | Place    | Note
-------+----------+-------------------------------------------
     0 | D:1      | clenchingflame the Minotaur Fighter began the quest for the
                  | Orb.
     0 | D:1      | Reached XP level 1. HP: 19/19 MP: 0/0
   355 | D:1      | Reached XP level 2. HP: 27/27 MP: 1/1
   568 | D:1      | Found a faded altar of an unknown god.
   572 | D:1      | Prayed at the altar of an unknown god.
   572 | D:1      | Became a worshipper of Jiyva Juconin the Shapeless
   572 | D:1      | Reached * piety under Jiyva
   986 | D:2      | Reached XP level 3. HP: 32/33 MP: 2/2
  1064 | D:2      | Reached ** piety under Jiyva
  1248 | D:3      | Noticed Grinder
  1254 | D:3      | Paralysed by Grinder for 5 turns
  1259 | D:3      | HP: 1/33 [Grinder (5)]
  1263 | D:3      | Paralysed by Grinder for 3 turns
  1268 | D:3      | Paralysed by Grinder for 5 turns
  1279 | D:3      | Killed Grinder
  1280 | D:3      | Reached skill level 5 in Fighting
  1280 | D:3      | Reached XP level 4. HP: 32/42 MP: 3/3
  1280 | D:3      | Reached XP level 5. HP: 36/48 MP: 4/4
  1489 | D:3      | Noticed Ijyb
  1504 | D:3      | Killed Ijyb
  1505 | D:3      | Reached XP level 6. HP: 56/56 MP: 5/5
  1552 | D:3      | Found an ancient bone altar of Kikubaaqudgha.
  1844 | D:4      | Reached *** piety under Jiyva
  1938 | D:4      | Gained mutation: Your translucent skin slightly reduces
                  | your foes' accuracy. (Stealth+) [Jiyva's grace]
  1938 | D:4      | Gained mutation: Your translucent skin reduces your foes'
                  | accuracy. (Stealth+) [Jiyva's grace]
  1938 | D:4      | Gained mutation: Your transparent skin significantly
                  | reduces your foes' accuracy. (Stealth+) [Jiyva's grace]
  1938 | D:4      | Gained mutation: You have large cloven feet. [Jiyva's
                  | grace]
  2375 | D:5      | Entered Level 5 of the Dungeon
  2400 | D:5      | Reached XP level 7. HP: 63/63 MP: 6/6
  2420 | D:5      | Reached skill level 5 in Armour
  2452 | D:5      | Reached **** piety under Jiyva
  2556 | D:5      | Found Kipeh's Antique Armour Shoppe.
  2571 | D:5      | Bought a runed chain mail for 142 gold pieces
  3407 | D:6      | Noticed Prince Ribbit
  3417 | D:6      | Slimified Prince Ribbit
  3417 | D:6      | Prince Ribbit changed into Prince Ribbit the endoplasm
  3417 | D:6      | Noticed Prince Ribbit
  3476 | D:6      | Found a staircase to the Ecumenical Temple.
  3483 | D:6      | Identified the +4 long sword of Fedhas's Esteem {holy,
                  | Int+2}
  3492 | D:6      | Lost mutation: You have large cloven feet. [Jiyva's grace]
  3492 | D:6      | Gained mutation: You have sharp toenails. [Jiyva's grace]
  3492 | D:6      | Gained mutation: You have razor-sharp toenails. [Jiyva's
                  | grace]
  3492 | D:6      | Gained mutation: You have claws for feet. [Jiyva's grace]
  3492 | D:6      | Gained mutation: You are covered in fur. (AC +1) [Jiyva's
                  | grace]
  3531 | D:6      | Reached skill level 1 in Long Blades
  3589 | D:6      | Noticed Maggie
  3592 | D:6      | Slimified Maggie
  3592 | D:6      | Maggie changed into Maggie the endoplasm
  3592 | D:6      | Noticed Maggie
  3695 | D:6      | Reached skill level 2 in Long Blades
  3843 | D:6      | Reached XP level 8. HP: 67/73 MP: 7/7
  3844 | D:6      | Reached skill level 3 in Long Blades
  4009 | D:7      | Reached skill level 4 in Long Blades
  4110 | D:7      | Reached skill level 5 in Long Blades
  4187 | D:7      | Reached skill level 6 in Long Blades
  4293 | D:7      | Reached skill level 7 in Long Blades
  4298 | D:7      | Reached skill level 8 in Long Blades
  4305 | D:7      | Reached skill level 9 in Long Blades
  4305 | D:7      | Reached XP level 9. HP: 64/79 MP: 8/8
  4316 | D:7      | Reached skill level 10 in Long Blades
  4717 | D:8      | Reached ***** piety under Jiyva
  4729 | D:8      | Noticed Erica
  4769 | D:8      | Killed Erica
  4770 | D:8      | Reached skill level 11 in Long Blades
  4892 | D:8      | Reached skill level 12 in Long Blades
  5092 | D:8      | Reached skill level 1 in Dodging
  5092 | D:8      | Reached XP level 10. HP: 78/86 MP: 9/9
  5349 | D:8      | Reached skill level 13 in Long Blades
  5613 | D:9      | Lost mutation: You have claws for feet. [Jiyva's grace]
  5613 | D:9      | Gained mutation: You possess an exceptional clarity of
                  | mind. [Jiyva's grace]
  5613 | D:9      | Gained mutation: You are somewhat resistant to further
                  | mutation. [Jiyva's grace]
  5613 | D:9      | Gained mutation: You are somewhat resistant to both further
                  | mutation and mutation removal. [Jiyva's grace]
  5613 | D:9      | Gained mutation: You are almost entirely resistant to
                  | further mutation and mutation removal. [Jiyva's grace]
  5662 | D:9      | Noticed a two-headed ogre
  5668 | D:9      | Killed a two-headed ogre
  5695 | D:9      | Noticed Pikel
  5710 | D:9      | Killed Pikel
  5711 | D:9      | Reached skill level 14 in Long Blades
  5711 | D:9      | Reached skill level 5 in Dodging
  5791 | D:9      | Found a white marble altar of Elyvilon.
  5802 | D:9      | Found a glowing silver altar of Zin.
  5810 | D:9      | Found a stormy altar of Qazlal.
  5810 | D:9      | Found a hazy altar of Hepliaklqana.
  5817 | D:9      | Found an ornate altar of the Wu Jian Council.
  5961 | D:9      | Found a transporter.
  5961 | D:9      | Found Aricvoxoi's Magic Scroll Shop.
  6056 | D:9      | Found a transporter.
  6139 | D:9      | Reached skill level 5 in Shields
  6402 | D:10     | Entered Level 10 of the Dungeon
  6429 | D:10     | Reached XP level 11. HP: 87/92 MP: 10/10
  6871 | D:10     | Found Jiagegog's Assorted Antiques.
  7389 | D:11     | Reached ****** piety under Jiyva
  7652 | D:11     | Learned a level 3 spell: Swiftness
  7706 | D:11     | Found a staircase to the Lair.
  7826 | D:12     | Noticed a two-headed ogre
  7833 | D:12     | Noticed a deep elf pyromancer
  7839 | D:12     | Killed a two-headed ogre
  7881 | Lair:1   | Entered Level 1 of the Lair of Beasts
  7881 | Lair:1   | Lost mutation: You are almost entirely resistant to further
                  | mutation and mutation removal. [Jiyva's grace]
  7881 | Lair:1   | Lost mutation: Your transparent skin significantly reduces
                  | your foes' accuracy. (Stealth+) [Jiyva's grace]
  7881 | Lair:1   | Lost mutation: Your translucent skin reduces your foes'
                  | accuracy. (Stealth+) [Jiyva's grace]
  7881 | Lair:1   | Gained mutation: Your rubbery body absorbs attacks. (AC +1,
                  | EV +1) [Jiyva's grace]
  7881 | Lair:1   | Gained mutation: Your pliable body absorbs attacks. (AC +2,
                  | EV +2) [Jiyva's grace]
  7881 | Lair:1   | Gained mutation: Your gelatinous body deflects attacks. (AC
                  | +3, EV +3) [Jiyva's grace]
  7881 | Lair:1   | Gained mutation: You have a somewhat thin skeletal
                  | structure. (Dex +2, Stealth+) [Jiyva's grace]
  8061 | Lair:1   | Noticed Sonja
  8068 | Lair:1   | Killed Sonja
  8069 | Lair:1   | Reached skill level 15 in Long Blades
  8402 | Lair:1   | Noticed a boulder beetle
  8432 | Lair:1   | Killed a boulder beetle
  8433 | Lair:1   | Reached XP level 12. HP: 58/103 MP: 11/11
  8502 | Lair:1   | Reached skill level 16 in Long Blades
  9005 | Lair:1   | Reached skill level 1 in Air Magic
  9030 | Lair:1   | HP: 4/104 [skyshark (9)]
  9030 | Lair:1   | Slain by a wolf

Illustrated notes

Levels and vault maps discovered:
D:1:      eino_arrival_tree_alley, layout_basic, ebering_ecumenical_altar_rust
D:2:      layout_rooms, grunt_ministairs_1, hangedman_decor_points,
          corner_web_ring
D:3:      layout_basic, nicolae_kikubaaqudgha_miasma_corner,
          minmay_stone_trees_small, uniq_grinder, uniq_ijyb
D:4:      layout_basic, hangedman_decor_opposing, guppyfry_early_orc_mine
D:5:      layout_basic, serial_shops, shop, chequers_serial_rivers_large_b
D:6:      layout_gridville, minmay_temple_entry_arrows, minmay_misc_feat_tiny,
          uniq_maggie, uniq_prince_ribbit1
D:7:      layout_basic, bh_walls_and_bars
D:8:      layout_basic, uniq_erica
D:9:      layout_rooms, nicolae_overflow_hallway_of_the_gods, serial_shops,
          nicolae_shop_drivethru, uniq_pikel
D:10:     layout_irregular_city, serial_shops, kennysheep_mini_moat
D:11:     layout_long_grid, hellmonk_lair_entry_icy,
          hangedman_decor_clover_reticule
D:12:     layout_long_grid, erik_orc_2, chequers_serial_rivers_marsh, tso_altar,
          uniq_rupert, uniq_lodul
Lair:1:   layout_cave_pods, nzn_sisyphean_effort, uniq_sonja
Lair:2:   regret_index_wax_grids, layout_cave_shapes,
          nicolae_spider_entry_orb_guardian, grunt_forest_large_clearings

Skill      XL: |  1  2  3  4  5  6  7  8  9 10 11 12 |
---------------+-------------------------------------+-----
Axes           | 3 6 7 8 |  8.2
Fighting       | 4 5 6 7 8 9 |  9.1
Armour         | 4 5 7 8 9 |  9.0
Long Blades    | 2 9 12 14 15 16 | 16.3
Dodging        | 1 6 7 |  7.0
Shields        | 5 8 |  8.0
Air Magic      | 1 |  1.1

Action                     |  1- 3 |  4- 6 |  7- 9 | 10-12 || total
---------------------------+-------+-------+-------+-------++-------
  Melee: War axe           |    59 |   104 |    80 |       ||   243
         Headbutt          |    12 |     6 |    37 |    97 ||   152
         Kick              |       |     5 |    54 |   157 ||   216
         Long sword        |       |       |   137 |   549 ||   686
  Throw: Boomerang         |       |       |       |     1 ||     1
 Invoke: Slimify           |       |       |     2 |       ||     2
         Oozemancy         |       |       |       |     2 ||     2
  Evoke: Wand              |       |       |       |     1 ||     1
    Use: Potion            |     4 |       |       |     6 ||    10
         Scroll            |       |       |     5 |     4 ||     9
 Armour: Scale mail        |    29 |     9 |       |       ||    38
         Ring mail         |       |    37 |     3 |       ||    40
         Chain mail        |       |       |   151 |   363 ||   514
  Dodge: Dodged            |    12 |    28 |    61 |   280 ||   381
  Block: Kite shield       |    25 |    49 |   121 |   469 ||   664
         Buckler           |     2 |       |       |       ||     2
         Reflection        |       |     2 |     5 |     4 ||    11

Table legend: (Time is in decaauts)
 A = Elapsed time spent in this place.
 B = Non-inter-level travel time spent in this place.
 C = Inter-level travel time spent in this place.
 D = Time resting spent in this place.
 E = Time spent auto-exploring this place.
 F = Levels seen in this place.
 G = Mean time per level.
                   A        B        C        D        E       F      G
               +--------+--------+--------+--------+--------+-----+--------+
         Total |   9028 |   8730 |    298 |    158 |   6612 |  14 |  644.9 |
       Dungeon |   7910 |   7643 |    267 |    138 |   5782 |  12 |  659.2 |
          Lair |   1118 |   1087 |     31 |     20 |    830 |   2 |  559.0 |
               +--------+--------+--------+--------+--------+-----+--------+

Top non-repeatable levels by time:
  Lair:1: 1108 daAuts
     D:5: 1037 daAuts
     D:8: 885 daAuts
     D:7: 785 daAuts
     D:1: 767 daAuts
     D:9: 762 daAuts
     D:4: 761 daAuts
    D:10: 730 daAuts
    D:11: 699 daAuts
     D:6: 569 daAuts
     D:2: 453 daAuts
     D:3: 445 daAuts
    D:12: 12 daAuts
  Lair:2: 9 daAuts
